 Dungeon Crawl Stone Soup version 0.32-a0-540-g866d13106e (webtiles) character file.

Game seed: 17236617304778752085

29 javelincjr the Grasshopper (level 3, -8/27 HPs)
             Began as a Demonspawn Warper on Feb 28, 2024.
             Mangled by Crazy Yiuf
             ... wielding a +4 quarterstaff of chaos
              (10 damage)
             ... on level 2 of the Dungeon.
             The game lasted 00:03:48 (1892 turns).

javelincjr the Grasshopper (Demonspawn Warper)      Turns: 1892, Time: 00:03:49

Health: -8/27      AC:  6    Str: 13    XL:     3   Next: 1%
Magic:  4/6        EV: 11    Int: 13    God:
Gold:   86         SH:  0    Dex: 12    Spells: 2/6 levels left

rFire   . . .        a - +0 spear
rCold   . . .        (no shield)
rNeg    + . .        b - +0 leather armour
rPois   .            (no helmet)
rElec   .            (no cloak)
rCorr   .            (no gloves)
SInv    .            (no boots)
Will    .....        (no amulet)
Stlth   +            k - ring of positive energy
HPRegen 0.24/turn    (no ring)
MPRegen 0.10/turn

%: no passive effects
@: slowed, very slow
A: molten scales 2
a: no special abilities


You were on level 2 of the Dungeon.
You visited 1 branch of the dungeon, and saw 2 of its levels.

You collected 86 gold pieces.

Inventory:

Hand Weapons
 a - a +0 spear (weapon)
Missiles
 d - 7 darts of dispersal (quivered)
 p - 2 poisoned darts
Armour
 b - a +0 leather armour (worn)
 n - a +0 ring mail
Jewellery
 k - a ring of positive energy (left hand)
Scrolls
 c - a scroll of blinking
 g - a scroll of summoning
Potions
 e - 2 potions of attraction
 f - a potion of curing
 i - a potion of enlightenment {unknown}
 j - a potion of lignification {unknown}
 l - a potion of degeneration {unknown}
 m - a potion of heal wounds {unknown}
 o - a potion of berserk rage {unknown}
 q - a potion of ambrosia {unknown}


   Skills:
 + Level 2.3 Fighting
 + Level 2.1 Polearms
 - Level 0.8 Throwing
 + Level 1.2 Armour
 + Level 2.0 Dodging
 + Level 2.2 Spellcasting
 * Level 3.0 Translocations


You had 2 spell levels left.
You knew the following spells:

 Your Spells              Type           Power      Damage    Failure   Level
a - Blink                 Tloc           18%        N/A       14%         2
b - Lesser Beckoning      Tloc           18%        N/A       14%         2

Your spell library contained the following spells:

 Spells                   Type           Power      Damage    Failure   Level
 Call Imp                 Summ           2%         N/A       43%         2
 Sublimation of Blood     Necr           1%         N/A       43%         2
 Teleport Other           Tloc           9%         N/A       28%         3
 Manifold Assault         Tloc           9%         N/A       67%         4
 Vhi's Electric Charge    Tloc/Air       10%        N/A       86%         4
 Summon Hydra             Summ           0%         N/A       100%        7


Dungeon Overview and Level Annotations

Branches:
Dungeon (2/15)

Altars:

Annotations:
D:2 Crazy Yiuf


Innate Abilities, Weirdness & Mutations

You are mostly covered in molten scales. (AC +3)


Message History

Crazy Yiuf hits your ball python with a +4 quarterstaff of chaos.
Your ball python appears confused.
Your ball python closely misses Crazy Yiuf.
Crazy Yiuf says, "Mama toodlewoodle song!"
Crazy Yiuf hits your ball python with a +4 quarterstaff of chaos.
Your ball python dies!
Your ball python's corpse dissolves into shadows!
You reach to attack!
You hit Crazy Yiuf.
Crazy Yiuf is lightly wounded.
You hit Crazy Yiuf.
Crazy Yiuf is lightly wounded.
Crazy Yiuf hits you with a +4 quarterstaff of chaos.
Crazy Yiuf burns you.
You hit Crazy Yiuf.
Crazy Yiuf is moderately wounded.
Crazy Yiuf hits you with a +4 quarterstaff of chaos.
You feel your power leaking away.
You barely miss Crazy Yiuf.
Crazy Yiuf is moderately wounded.
Crazy Yiuf whimpers, "Whippet return to song snail!"
Crazy Yiuf hits you but does no damage. You partially resist.
You hit Crazy Yiuf but do no damage.
Crazy Yiuf is moderately wounded.
Crazy Yiuf hits you with a +4 quarterstaff of chaos.
You are poisoned.
You are too injured to fight recklessly!
You are too injured to fight recklessly!
You are too injured to fight recklessly!
You feel better.
Crazy Yiuf hits you with a +4 quarterstaff of chaos!
You feel yourself slow down.
You hit Crazy Yiuf.
Crazy Yiuf is moderately wounded.
Crazy Yiuf laughs, "Cod koolooloo blue!"
Crazy Yiuf hits you with a +4 quarterstaff of chaos!
* * * LOW HITPOINT WARNING * * *
You barely miss Crazy Yiuf.
Crazy Yiuf is moderately wounded.
Crazy Yiuf hits you with a +4 quarterstaff of chaos!
You die...

#............# ### #.....###....#
#### ..# #.....# #+..+# #... ..#
#.....# ♣....♣ #.## ..#####.....#
♣...♣♣ #.# ............# ♣♣.♣♣
#†## ..########..# ♣.♣♣
########... ### #..# ♣♣.♣
#......#### ##########).# ♣@♣♣
######.#### ............# ♣♣g♣
#........>. ##########..# #'#
######.##.# #######.....# ...
#.....##.# ......#.###.# #...#
##.######.# .####.#....## #..)#
#.......... ....#.#..†..# #####
##......... ###.#.##...##
#..#####.#
......##...#############...####.#


You could see Crazy Yiuf.

Vanquished Creatures
  An adder (D:2)
  A ball python (D:2)
  2 endoplasms
  3 goblins
  5 hobgoblins
  A quokka (D:2)
  A bat (D:2)
  2 frilled lizards
  A kobold (D:2)
  2 rats
19 creatures vanquished.

Notes
Turn   | Place    | Note
-------+----------+-------------------------------------------
     0 | D:1      | javelincjr the Demonspawn Warper began the quest for the
                  | Orb.
     0 | D:1      | Reached XP level 1. HP: 16/16 MP: 3/3
   361 | D:1      | Reached skill level 1 in Armour
   823 | D:2      | Gained mutation: You are partially covered in molten
                  | scales. (AC +2) [demonic ancestry]
   823 | D:2      | Reached XP level 2. HP: 22/22 MP: 5/5
   826 | D:2      | Learned a level 2 spell: Blink
   829 | D:2      | Learned a level 2 spell: Lesser Beckoning
   978 | D:2      | Found a runed translucent door.
   979 | D:2      | Noticed Crazy Yiuf
  1515 | D:2      | Reached skill level 3 in Translocations
  1515 | D:2      | Gained mutation: You are mostly covered in molten scales.
                  | (AC +3) [demonic ancestry]
  1515 | D:2      | Reached XP level 3. HP: 22/27 MP: 6/6
  1892 | D:2      | Mangled by Crazy Yiuf

Illustrated notes

Levels and vault maps discovered:
D:1:      dpeg_arrival_concentric_ovals, layout_loops_ring
D:2:      layout_basic, minmay_crystal_room, uniq_crazy_yiuf_cottage

Skill      XL: |  1  2 |
---------------+-------+-----
Armour         | 1 |  1.2
Polearms       | 2 |  2.1
Dodging        | 2 |  2.0
Translocations | 3 |  3.0
Fighting       | |  2.3
Throwing       | |  0.8
Spellcasting   | |  2.2

Action                     || total
---------------------------++-------
  Melee: Spear             ||    85
    Use: Scroll            ||     3
         Potion            ||     1
 Armour: Leather armour    ||    34
  Dodge: Dodged            ||    35

Table legend: (Time is in decaauts)
 A = Elapsed time spent in this place.
 B = Non-inter-level travel time spent in this place.
 C = Inter-level travel time spent in this place.
 D = Time resting spent in this place.
 E = Time spent auto-exploring this place.
 F = Levels seen in this place.
 G = Mean time per level.
                   A        B        C        D        E       F      G
               +--------+--------+--------+--------+--------+-----+--------+
         Total |   1892 |   1870 |     22 |      0 |   1680 |   2 |  946.0 |
       Dungeon |   1892 |   1870 |     22 |      0 |   1680 |   2 |  946.0 |
               +--------+--------+--------+--------+--------+-----+--------+

Top non-repeatable levels by time:
     D:2: 1209 daAuts
     D:1: 682 daAuts
